 Dungeon Crawl Stone Soup version 0.24.0-41-g2ae2f7f1be (webtiles) character file.

Game seed: 18441114917712390977, levelgen mode: deterministic

35 Descartes the Skirmisher (level 3, -2/20 HPs)
             Began as a Vine Stalker Wanderer on Dec 12, 2019.
             Slain by a hobgoblin
             ... wielding a +0 club
              (4 damage)
             ... on level 1 of the Dungeon.
             The game lasted 00:02:30 (1426 turns).

Descartes the Skirmisher (Vine Stalker Wanderer)    Turns: 1426, Time: 00:02:31

Health: -2/20      AC:  1    Str: 16    XL:     3   Next: 35%
Magic:  0/4        EV: 11    Int: 14    God:
Gold:   14         SH:  0    Dex: 10    Spells: 2/2 levels left

rFire    . . .     SeeInvis .   a - +2 mace
rCold    . . .     Gourm    .   (no shield)
rNeg     . . .     Faith    .   e - -2 leather armour (curse)
rPois    .         Spirit   +   (no helmet)
rElec    .         Reflect  .   (no cloak)
rCorr    .         Harm     .   (no gloves)
MR       .....                  (no boots)
Stlth    ++........             (no amulet)
HPRegen  0.06/turn              (no ring)
MPRegen  0.09/turn              (no ring)

@: no status effects
A: fangs 2, magic shield, antimagic bite, no potion heal 3, rot immunity
a: no special abilities


You were on level 1 of the Dungeon.
You were hungry.

You visited 1 branch of the dungeon, and saw 2 of its levels.

You collected 14 gold pieces.

Inventory:

Hand Weapons
 a - a +2 mace (weapon)
 l - a +0 dagger
Missiles
 i - 22 stones (quivered)
 j - 11 poisoned darts
 k - 9 sling bullets
Armour
 d - a +0 robe
 e - a cursed -2 leather armour (worn)
Scrolls
 h - a scroll of teleportation {unknown}
Potions
 b - a potion of lignification
 c - a potion of curing
 m - a potion of heal wounds {unknown}
Comestibles
 f - 2 rations


   Skills:
 + Level 3.0 Fighting
 + Level 2.9 Maces & Flails
   Level 1.0 Bows
 + Level 1.3 Armour
 + Level 0.3 Dodging
 + Level 2.0 Stealth
 + Level 0.9 Unarmed Combat
 + Level 0.3 Spellcasting
   Level 1.0 Evocations


You had 2 spell levels left.
You didn't know any spells.
Your spell library was empty.

Dungeon Overview and Level Annotations

Branches:
Dungeon (2/15)

Altars:
Uskayaw


Innate Abilities, Weirdness & Mutations

You have extremely sharp teeth.
When hurt, damage is shared between your health and your magic reserves.
Your bite disrupts and absorbs the magic of your enemies.
Potions cannot restore your health.
You are immune to rotting.


Message History

The hobgoblin hits you but does no damage.
The goblin completely misses you.
You hit the hobgoblin but do no damage. Your bite misses the hobgoblin.
The hobgoblin is lightly wounded.
The hobgoblin completely misses you. The goblin barely misses you.
You closely miss the hobgoblin. Your bite misses the hobgoblin.
The hobgoblin is lightly wounded.
The hobgoblin hits you but does no damage.
The goblin hits you with a +0 club.
* * * LOW HITPOINT WARNING * * *
The hobgoblin hits you with a +0 club.
* * * LOW HITPOINT WARNING * * *
The goblin hits you but does no damage.
You climb upwards.
There is a stone staircase leading down here.
The hobgoblin misses you.
You hit the hobgoblin.
The hobgoblin is severely wounded.
The hobgoblin hits you with a +0 club.
You die...

#.......##.#.# #.#
#.......##.#.# #.#
#.#...#.##.#.# #.#
#.##.##....#.# #..
#.##.#######.# ###
#.##.........#########
#####.######.............#
###.....######.###########.#
#......>.gg@...# #.#
#.#.############ ##### #..
#.#.# ###########...####..
#.#.#####...........†...)..#
#.......#.####........######
#.#####.#....#......### #.#
#.#....##.....# #.#
#.......############ #.#
#.#.#........§.....##


You could see a hobgoblin and a goblin.

Vanquished Creatures
  An adder (D:1)
  An ooze (D:1)
  A giant cockroach (D:1)
  6 goblins (D:1)
  2 hobgoblins
  3 kobolds (D:1)
  A quokka (D:2)
  A bat (D:1)
  3 frilled lizards (D:1)
  4 rats
23 creatures vanquished.

Notes
Turn   | Place    | Note
-------+----------+-------------------------------------------
     0 | D:1      | Descartes the Vine Stalker Wanderer began the quest for the
                  | Orb.
     0 | D:1      | Descartes set off with the following items: a +2 mace, a
                  | potion of lignification, a potion of curing, a +0 robe, a
                  | ration
     0 | D:1      | Reached XP level 1. HP: 11/11 MP: 2/2
   354 | D:1      | Reached XP level 2. HP: 9/16 MP: 1/3
  1139 | D:2      | Reached XP level 3. HP: 19/19 MP: 4/4
  1153 | D:2      | Found a hide-covered altar of Uskayaw.
  1170 | D:1      | Reached skill level 3 in Fighting
  1419 | D:2      | HP: 1/20 [hobgoblin/+0 club (2)]
  1426 | D:1      | Slain by a hobgoblin

Levels and vault maps discovered:
D:1:      lemuel_arrival_lava_pool, layout_loops_ring, hex_medium
D:2:      layout_basic, eat_drink_and_be_merry_uskayaw, first_ration

Skill      XL: |  1  2  3 |
---------------+----------+-----
Fighting       | 3 |  3.0
Stealth        | 2 |  2.0
Maces & Flails | |  2.9
Bows           | |  1.0
Armour         | |  1.3
Dodging        | |  0.3
Unarmed Combat | |  0.9
Spellcasting   | |  0.3
Evocations     | |  1.0

Action                   || total
-------------------------++-------
Melee: Mace              ||    51
       Bite              ||     7
 Stab: Sleeping          ||     2
  Eat: Chunk             ||     1
Dodge: Dodged            ||    37
